[Event "*** Titled Tuesday 3|2 Blitz"]
[Site "Chess.com"]
[Date "2015.09.01"]
[Round "1"]
[White "Ar4uha"]
[Black "Haridaskesavan"]
[Result "1-0"]
[WhiteElo "2385"]
[BlackElo "2007"]
[TimeControl "180+2"]
[EndTime "11:03:12 PDT"]
[Termination "Ar4uha won by resignation"]

1. e4 e5 2. Nf3 Nc6 3. d4 exd4 4. Nxd4 Nge7 5. Nc3 Nxd4 6. Qxd4 Nc6 7. Qe3 g6 8.
Bc4 Bg7 9. Bd2 O-O 10. O-O-O d6 11. h4 h5 12. f3 Ne5 13. Be2 a6 14. g4 hxg4 15.
f4 Nf3 16. Bxf3 gxf3 17. Qxf3 Qd7 18. Rdg1 b5 19. h5 b4 20. Nd5 c6 21. Nb6 Qb7 22.
Nxa8 Be6 23. hxg6 fxg6 24. Rxg6 Bf7 25. Rg5 1-0

[Event "*** Titled Tuesday 3|2 Blitz"]
[Site "Chess.com"]
[Date "2015.09.01"]
[Round "1"]
[White "VSERGUEI"]
[Black "AlexCn1"]
[Result "1-0"]
[WhiteElo "2536"]
[BlackElo "2196"]
[TimeControl "180+2"]
[EndTime "11:03:56 PDT"]
[Termination "VSERGUEI won by resignation"]

1. d4 Nf6 2. c4 g6 3. Nc3 d5 4.
Nf3 Bg7 5. Qb3 dxc4 6. Qxc4 O-O 7. e4 Nc6 8. Be3 e5 9. Nxe5 Nxe5 10. dxe5 Ng4 11.
Rd1 Nxe3 12. Rxd8 Nxc4 13. Rxf8+ Kxf8 14. Bxc4 Bxe5 15. Ke2 c6 16. g3 b5 17. Bb3 Bb7 18. f4 Bc7 19. Rd1 Rd8 20. Rxd8+ Bxd8 21. e5 a5 22. Ne4 Bb6 23. Bxf7 c5 24. Nd6 Bc6 25. g4 Bc7 26. Bb3 Bxd6 27. exd6 Ke8 28. Be6 Bd7 29. f5 gxf5 30. gxf5 b4 31. b3 a4 32. Ke3 c4 33. Bxc4 Bxf5 34. Bb5+ 1-0

[Event "*** Titled Tuesday 3|2 Blitz"]
[Site "Chess.com"]
[Date "2015.09.01"]
[Round "1"]
[White "Imre91"]
[Black "WarlordX"]
[Result "1-0"]
[WhiteElo "2606"]
[BlackElo "2205"]
[TimeControl "180+2"]
[EndTime "11:04:13 PDT"]
[Termination "Imre91 won by resignation"]

1. c4 Nf6 2. g3 e6 3. Bg2 Be7 4. Nf3 O-O 5. O-O d5 6. d4 c6 7. Qc2 Nbd7 8. Nbd2 Re8 9. e4 dxe4 10. Nxe4 Nxe4 11.
Qxe4 Nf6 12. Qe2 c5 13. Rd1 Qb6 14. Be3 Ng4 15. dxc5 Bxc5 16. Bxc5 Qxc5 17. Rd2 Rb8 18. Rad1 b6 19. a3 Ba6 20. Rd4 Nf6 21. Ne5 Rbc8 22.
b4 Qc7 23. b5 Bb7 24. Bxb7 Qxb7 25. Nc6 h6 26. a4 a6 27. Qe5 axb5 28. axb5 Ra8 29. h4 Rec8 30. g4 Qc7 31. Rd8+ Kh7 32. Qxc7 Rxc7 33. Rxa8 Nxg4 34. Rdd8 h5 35. Ra7 Rxa7 36.
Nxa7 1-0

[Event "*** Titled Tuesday 3|2 Blitz"]
[Site "Chess.com"]
[Date "2015.09.01"]
[Round "1"]
[White "tac49"]
[Black "stefanodinn"]
[Result "1-0"]
[WhiteElo "2427"]
[BlackElo "2100"]
[TimeControl "180+2"]
[EndTime "11:04:20 PDT"]
[Termination "tac49 won by resignation"]

1. e4 c5 2. Nc3 d6 3. Nge2 Nf6 4. d4 cxd4 5. Nxd4 a6 6. h3 e6 7. g4 d5 8. exd5 Nxd5 9. Nde2 Bb4 10. Bg2 Nxc3 11. Qxd8+ Kxd8 12. Nxc3 Nc6 13. Bf4 Ke7 14. O-O-O Bd7 15. Ne4 e5 16. Be3 Rhc8 17. a3 Ba5 18. Nc5 Rc7 19. b4 Bb6 20. Rhe1 Be8 21. f4 Kf8 22.
Ne6+ fxe6 23. Bxb6 Rf7 1-0

[Event "*** Titled Tuesday 3|2 Blitz"]
[Site "Chess.com"]
[Date "2015.09.01"]
[Round "1"]
[White "arnacman"]
[Black "Yaacovn"]
[Result "0-1"]
[WhiteElo "2227"]
[BlackElo "2616"]
[TimeControl "180+2"]
[EndTime "11:04:46 PDT"]
[Termination "Yaacovn won by resignation"]

1. e4 c6 2. d4 d5 3. Nd2 dxe4 4. Nxe4 Nf6 5. Nxf6+ gxf6 6. Nf3 Bg4 7. Be2 e6 8.
O-O Qc7 9. Nh4 h5 10. h3 Bxe2 11. Qxe2 Nd7 12. c4 O-O-O 13. Be3 f5 14. Rab1 Nf6 15. Nf3 Rg8 16. Ne5 Bd6 17. Bf4 Ne4 18. c5 Bxe5 19. Bxe5 Qd7 20. Rfd1 f6 21. Bh2 Qd5 22.
f3 Ng3 23. Qe1 h4 24. Rd3 f4 25. b4 e5 26. b5 cxb5 27. Rxb5 Qc4 28. Rdb3 Qxd4+ 0-1

[Event "*** Titled Tuesday 3|2 Blitz"]
[Site "Chess.com"]
[Date "2015.09.01"]
[Round "1"]
[White "gumersindo"]
[Black "oggy1984"]
[Result "0-1"]
[WhiteElo "2047"]
[BlackElo "2404"]
[TimeControl "180+2"]
[EndTime "11:04:46 PDT"]
[Termination "oggy1984 won by checkmate"]

1. d4 Nf6 2. c4 e6 3. Nc3 Bb4 4. Qc2 O-O 5. a3 Bxc3+ 6. Qxc3 d5 7. Bg5 Nbd7 8. e3 c6 9. Nf3 h6 10. Bh4 Re8 11. Bd3 dxc4 12. Qxc4 e5 13. dxe5 Nxe5 14. Nxe5 Rxe5 15. O-O Be6 16. Qc2 Qe7 17. Rac1 Rd8 18. Rfd1 Bd5 19. Bg3 Rg5 20. Bc4 Bxc4 21. Qxc4 Rgd5 22.
Rxd5 Rxd5 23. Qb3 Qd7 24. h3 Ne4 25. Bf4 Rd2 26. Rf1 b5 27. Be5 Qf5 28. Bf4 g5 29. f3 gxf4 30. fxe4 Qxe4 31. Rf3 Qb1+ 32. Kh2 Qg6 33.
exf4 Qxg2# 0-1

[Event "*** Titled Tuesday 3|2 Blitz"]
[Site "Chess.com"]
[Date "2015.09.01"]
[Round "1"]
[White "drifblim"]
[Black "ChessTrener"]
[Result "0-1"]
[WhiteElo "2168"]
[BlackElo "2531"]
[TimeControl "180+2"]
[EndTime "11:04:47 PDT"]
[Termination "ChessTrener won by resignation"]

1. e4 c5 2. Nf3 Nc6 3. d4 cxd4 4. Nxd4 g6 5. c4 Nf6 6. Nc3 d6 7. Nc2 Bg7 8. Be2 O-O 9. O-O b6 10. Rb1 Bb7 11. Bd2 Nb8 12. b3 Nxe4 13. Nxe4 Bxe4 14. Bf3 Bxf3 15. Qxf3 Nd7 16. Ne3 e6 17. Rfd1 Nc5 18. Ng4 h5 19. Ne3 Qe7 20. b4 Nd7 21. Re1 f5 22. Nd5 Qf7 23. Nc7 Ne5 24. Rxe5 Bxe5 25.
Nxa8 Qd7 26. c5 d5 27. cxb6 Rxa8 28. bxa7 Qxa7 29. Re1 Qxa2 30. Bg5 Qb2 31. Qe3 Ra1 32.
g3 Rxe1+ 33. Qxe1 Kf7 34. h4 Bc3 35. Qe2 Qxe2 0-1

[Event "*** Titled Tuesday 3|2 Blitz"]
[Site "Chess.com"]
[Date "2015.09.01"]
[Round "1"]
[White "HZMC92"]
[Black "Hafez_Bakr"]
[Result "1-0"]
[WhiteElo "2290"]
[BlackElo "1724"]
[TimeControl "180+2"]
[EndTime "11:05:29 PDT"]
[Termination "HZMC92 won by resignation"]

1. d4 Nf6 2. c4 e6 3. Nf3 d5 4.
Nc3 Bb4 5. Bg5 O-O 6. e3 h6 7. Bh4 c5 8. cxd5 exd5 9. Bd3 c4 10. Be2 Bf5 11. O-O Bxc3 12. bxc3 Nbd7 13. Nd2 Re8 14. Bf3 Qa5 15. Qc1 Bd3 16. Re1 g5 17. Bg3 b5 18.
a3 Re6 19. Be2 Bf5 20. Bf3 Qb6 21. Qb2 a5 22. h3 Qb7 23. Nxc4 Qc6 24. Ne5 Nxe5 25.
Bxe5 Ne4 26. Bxe4 Bxe4 27. f3 Bg6 28. Qb3 Rc8 29. e4 dxe4 30. d5 Qc5+ 31. Bd4 Qc4 32. Qxc4 Rxc4 33. dxe6 fxe6 34. fxe4 Kf7 35. Rf1+ Ke7 36.
Rab1 Bxe4 37. Rxb5 Kd6 38. Rxa5 Rc6 39. Rf7 Bd5 40. Raa7 Rc4 41. Rfd7+ Kc6 42. Rac7+ Kb5 43. Rxc4 Bxc4 44. Rh7 Ka4 45. Rxh6 Kxa3 46. Rg6 1-0

[Event "*** Titled Tuesday 3|2 Blitz"]
[Site "Chess.com"]
[Date "2015.09.01"]
[Round "1"]
[White "FairChess_on_YouTube"]
[Black "LADIESGET2KNOWME"]
[Result "1-0"]
[WhiteElo "2745"]
[BlackElo "2257"]
[TimeControl "180+2"]
[EndTime "11:05:47 PDT"]
[Termination "FairChess_on_YouTube won by resignation"]

1. e4 e6 2. d4 d5 3. Nd2 Nf6 4. Bd3 c5 5. e5 Nfd7 6. c3 Nc6 7. Ne2 cxd4 8. cxd4 f6 9. exf6 Nxf6 10. O-O Bd6 11. Nf3 O-O 12. Bg5 Bd7 13. Rc1 Be8 14.
Nf4 Bxf4 15. Bxf4 Bh5 16. Be2 Ne4 17. Be3 Qb6 18. b3 Rf6 19. Ne5 Bxe2 20. Qxe2 Rd8 21. Nxc6 bxc6 22. f3 Nd6 23. Bg5 Qxd4+ 24. Kh1 Rdf8 25.
Bxf6 Rxf6 26. Rxc6 Qb4 27. Qe5 Qb5 28. Rfc1 1-0

[Event "*** Titled Tuesday 3|2 Blitz"]
[Site "Chess.com"]
[Date "2015.09.01"]
[Round "1"]
[White "Moltini"]
[Black "AnthonyWirig"]
[Result "0-1"]
[WhiteElo "2141"]
[BlackElo "2506"]
[TimeControl "180+2"]
[EndTime "11:05:57 PDT"]
[Termination "AnthonyWirig won by resignation"]

1. d4 Nf6 2. c4 c5 3. d5 b5 4.
cxb5 a6 5. bxa6 Bxa6 6. Nc3 d6 7.
g3 g6 8. Bg2 Bg7 9. Nf3 Nbd7 10.
O-O Nb6 11. Re1 Nfd7 12. Qc2 O-O 13. Rb1 Bc4 14. b3 Bxd5 15. Nxd5 Nxd5 16. a4 Rb8 17. Bb2 Nb4 18. Qd2 Nc6 19. Bxg7 Kxg7 20. e4 Qa5 21. Qe3 Rb4 22. Bf1 Rfb8 23. Bc4 Nde5 24. Bd5 Nxf3+ 25. Qxf3 Ne5 26. Qc3 Rxa4 27. Qe3 Rd4 28. Kh1 e6 29. Bc4 Qd2 30. Bf1 Qxe3 31. Rxe3 Ng4 32. Rf3 Rxe4 33. h3 Ne5 34. Rc3 Reb4 35. f4 Nc6 0-1

[Event "*** Titled Tuesday 3|2 Blitz"]
[Site "Chess.com"]
[Date "2015.09.01"]
[Round "1"]
[White "facu57"]
[Black "MbMaster"]
[Result "1-0"]
[WhiteElo "2435"]
[BlackElo "2117"]
[TimeControl "180+2"]
[EndTime "11:06:10 PDT"]
[Termination "facu57 won by resignation"]

1. d4 d6 2. Nf3 f5 3. g3 Nf6 4.
Bg2 g6 5. O-O Bg7 6. b3 O-O 7.
Bb2 Ne4 8. c4 c5 9. e3 Nc6 10. Nc3 Nxc3 11. Bxc3 cxd4 12. Nxd4 Qc7 13. Rc1 Nxd4 14. Bxd4 e5 15. Bd5+ Kh8 16. Bc3 f4 17. exf4 exf4 18. Re1 Bh3 19. Qd3 Rae8 20. gxf4 Bf5 21. Qg3 b6 22. h4 Qd7 23. h5 gxh5 24.
Rxe8 Rxe8 25. Bc6 1-0

[Event "*** Titled Tuesday 3|2 Blitz"]
[Site "Chess.com"]
[Date "2015.09.01"]
[Round "1"]
[White "enen0315"]
[Black "Tomsel"]
[Result "1-0"]
[WhiteElo "1898"]
[BlackElo "2289"]
[TimeControl "180+2"]
[EndTime "11:06:11 PDT"]
[Termination "enen0315 won by resignation"]

1. d4 Nf6 2. c4 g6 3. Nc3 d5 4. cxd5 Nxd5 5. Na4 Bg7 6. e4 Nb6 7. Be3 O-O 8. Nf3 Bg4 9. Nc5 Bxf3 10.
gxf3 Qc8 11. Rc1 N8d7 12. h4 h5 13. Rg1 Nxc5 14. Rxc5 Nd7 15. Rc4 Rd8 16. Qc1 c6 17.
Bh6 Nb6 18. Bxg7 Nxc4 19. Qh6 f6 20. Qxg6 Qe6 21. Bh6+ 1-0

[Event "*** Titled Tuesday 3|2 Blitz"]
[Site "Chess.com"]
[Date "2015.09.01"]
[Round "1"]
[White "myaccount88"]
[Black "penguingm1"]
[Result "0-1"]
[WhiteElo "2155"]
[BlackElo "2521"]
[TimeControl "180+2"]
[EndTime "11:06:23 PDT"]
[Termination "penguingm1 won by resignation"]

1. e4 e5 2. Nf3 Nc6 3. d4 exd4 4. Nxd4 Nf6 5. Nc3 Bb4 6. Nxc6 bxc6 7. Bd3 d5 8. exd5 cxd5 9. O-O O-O 10. Bg5 c6 11.
Na4 Bd6 12. c4 h6 13. Bh4 Be6 14. cxd5 cxd5 15. Rc1 Rb8 16. Bb1 Rb4 17. Bg3 Bxg3 18. fxg3 Bd7 19. Nc3 Rxb2 20. Qd3 g6 21. Kh1 Bf5 22.
Rxf5 gxf5 23. Rf1 Re8 24. Qxf5 Rb6 25. Qf4 Kg7 26. Nd1 Qd6 27. Ne3 Qxf4 28. gxf4 Rxe3 0-1

[Event "*** Titled Tuesday 3|2 Blitz"]
[Site "Chess.com"]
[Date "2015.09.01"]
[Round "1"]
[White "Danirod"]
[Black "Grootneus"]
[Result "1-0"]
[WhiteElo "2353"]
[BlackElo "1987"]
[TimeControl "180+2"]
[EndTime "11:06:39 PDT"]
[Termination "Danirod won by resignation"]

1. e4 c5 2. Nf3 Nc6 3. c3 Nf6 4. e5 Nd5 5. Bc4 e6 6. d4 cxd4 7. cxd4 d6 8. O-O Be7 9. a3 O-O 10.
Qe2 dxe5 11. dxe5 b6 12. Rd1 Bb7 13. b4 Qc7 14. Bd3 Rad8 15. Qe4 g6 16. Bh6 Rfe8 17. h4 Ncxb4 18. axb4 Nc3 19. Nxc3 Bxe4 20. Nxe4 Bxb4 21. Nf6+ Kh8 22. Nxe8 Rxe8 23. Rac1 Qb7 24. Bb5 Rc8 25. Rxc8+ Qxc8 26. Bg5 a6 27. Rd8+ Qxd8 28. Bxd8 axb5 29. Bxb6 Kg8 30. Kf1 Kf8 31. Ke2 Ke7 32. Kd3 Kd7 33. Nd4 Be1 34. Ke2 Bb4 35. Ba7 Be7 36. g3 h5 37. Nxb5 Kc6 38. Nc3 Bd8 39. Kd3 Bc7 40. Bd4 Bb8 41. Kc4 Bc7 42.
Nb5 Bb8 43. f4 Kd7 44. Ba7 Bxa7 45. Nxa7 Ke7 46. Nc6+ Kf8 47. Kc5 Kg7 48. Kd6 Kf8 49.
Kd7 Kg8 50. Ke7 Kg7 51. Nd8 Kh6 1-0

[Event "*** Titled Tuesday 3|2 Blitz"]
[Site "Chess.com"]
[Date "2015.09.01"]
[Round "1"]
[White "AndrewMcStone"]
[Black "AleksandrNevski"]
[Result "0-1"]
[WhiteElo "1939"]
[BlackElo "2312"]
[TimeControl "180+2"]
[EndTime "11:06:49 PDT"]
[Termination "AleksandrNevski won by resignation"]

1. d4 d5 2. c4 e6 3. Nc3 Be7 4. cxd5 exd5 5. Bf4 Nf6 6. e3 c6 7. Bd3 Nbd7 8. Qc2 O-O 9. h3 Re8 10. Nf3 Nf8 11. Ne5 Bd6 12. O-O-O Ng6 13. Nxg6 hxg6 14.
Bxd6 Qxd6 15. g4 Bd7 16. Kb1 Rac8 17. Rc1 c5 18. dxc5 Rxc5 19. Qb3 Bc6 20. Rhd1 Qh2 21. g5 Nh5 22. Rd2 b6 23. Qb4 Qxh3 24. Bf1 Qf5+ 25.
Bd3 Qxg5 26. f4 Qg3 27. Re1 Rxe3 28. Rxe3 Qxe3 29. Nd1 Qxf4 0-1

[Event "*** Titled Tuesday 3|2 Blitz"]
[Site "Chess.com"]
[Date "2015.09.01"]
[Round "1"]
[White "joppie2"]
[Black "wonderfultime"]
[Result "1-0"]
[WhiteElo "2291"]
[BlackElo "2634"]
[TimeControl "180+2"]
[EndTime "11:07:07 PDT"]
[Termination "joppie2 won by resignation"]

1. e4 c5 2. Nf3 d6 3. d4 cxd4 4. Nxd4 Nf6 5. Nc3 a6 6. Bg5 e6 7. f4 Qb6 8. Qd2 Qxb2 9. Rb1 Qa3 10. e5 dxe5 11. fxe5 h6 12. Bh4 Nfd7 13. Be2 g5 14.
Bg3 Bg7 15. O-O O-O 16. Ne4 Nc6 17. Nxc6 bxc6 18. Rb3 Qe7 19. Qc3 a5 20. Qxc6 Ra7 21.
Qd6 Qxd6 22. exd6 f5 23. Nd2 Ba6 24. Bxa6 Rxa6 25. Rb7 Rf7 26. Nc4 f4 27. Bf2 Ne5 28.
Rb8+ Kh7 29. Nb6 Nc6 30. d7 Bf6 31. Rc8 Nd8 32. c4 e5 33. Re1 Rxb6 34. Bxb6 Rxd7 35. c5 Rd2 36. c6 Ne6 37. Re8 1-0

[Event "*** Titled Tuesday 3|2 Blitz"]
[Site "Chess.com"]
[Date "2015.09.01"]
[Round "1"]
[White "Chakraborty-ARZ"]
[Black "SidArun"]
[Result "0-1"]
[WhiteElo "2254"]
[BlackElo "1875"]
[TimeControl "180+2"]
[EndTime "11:07:07 PDT"]
[Termination "SidArun won by resignation"]

1. d4 Nf6 2. c4 c5 3. d5 e6 4. Nc3 exd5 5. cxd5 d6 6. Nf3 g6 7. Bf4 Bg7 8. Qa4+ Bd7 9. Qb3 Qc7 10. h3 O-O 11. e3 Na6 12. Nd2 Nh5 13. Bh2 f5 14. Be2 Nf6 15. Nc4 Ne8 16. O-O Rb8 17. Nb5 Bxb5 18. Qxb5 Nb4 19. Qa4 b5 20. Qb3 bxc4 21. Qxc4 Qb7 22. a3 Na6 23. Qxa6 Qxa6 24. Bxa6 Rxb2 25.
Rab1 Ra2 26. Rb3 Nc7 27. Bc4 Rd8 28. Rfb1 Rd2 29. Rd3 Rxd3 30. Bxd3 Be5 31. Rb7 Bxh2+ 32. Kxh2 Rd7 33. Rxa7 Kf7 34. a4 Ke7 35. Bc4 Kd8 36.
Kg3 Kc8 37. Bb5 Nxb5 38. Rxd7 Kxd7 39. axb5 Kc7 40. Kf4 Kb6 41. Kg5 Kxb5 42. Kf6 c4 43. Ke7 c3 44. Kxd6 c2 45. Ke7 c1=Q 46. d6 Qc5 47.
Ke6 Kc6 48. d7 Qd6+ 0-1

[Event "*** Titled Tuesday 3|2 Blitz"]
[Site "Chess.com"]
[Date "2015.09.01"]
[Round "1"]
[White "manubibi"]
[Black "armago"]
[Result "1-0"]
[WhiteElo "2414"]
[BlackElo "2052"]
[TimeControl "180+2"]
[EndTime "11:07:08 PDT"]
[Termination "manubibi won by resignation"]

1. e4 c5 2. Nf3 Nc6 3. Bb5 e6 4.
O-O Nf6 5. e5 Nd5 6. Nc3 Nd4 7.
Nxd4 cxd4 8. Nxd5 exd5 9. Re1 Bc5 10. Qf3 Qb6 11. Ba4 O-O 12. d3 d6 13. Qxd5 Qb4 14.
Bg5 Qxa4 15. exd6 Qc6 16. Qxc6 bxc6 17. Be7 Be6 18. Re5 Bb6 19. Bxf8 Kxf8 20. a4 a5 21. f4 g6 22. h3 Rd8 23. g4 Rxd6 24. Rae1 Bc7 25.
f5 Bd5 26. Re7 Bd8 27. Ra7 Kg7 28. Re8 Bg5 29. Rxa5 gxf5 30. gxf5 Rf6 31. Re5 Bf4 32. Rexd5 cxd5 33. Rxd5 Kh6 34. a5 Kg5 35. b4 Bd2 36. Rb5 Rxf5 37. Rxf5+ Kxf5 38. a6 Be3+ 39. Kg2 1-0

[Event "*** Titled Tuesday 3|2 Blitz"]
[Site "Chess.com"]
[Date "2015.09.01"]
[Round "1"]
[White "nightmaresknight"]
[Black "Dale"]
[Result "1-0"]
[WhiteElo "2321"]
[BlackElo "1943"]
[TimeControl "180+2"]
[EndTime "11:07:11 PDT"]
[Termination "nightmaresknight won by checkmate"]

1. e4 Nf6 2. e5 Nd5 3. d4 d6 4. Nf3 g6 5. Bc4 Nb6 6. Bb3 a5 7. a4 Bg7 8. Qe2 O-O 9. h3 Nc6 10.
O-O Be6 11. Bxe6 fxe6 12. Nc3 Rxf3 13. Qxf3 Nxd4 14. Qg4 Bxe5 15. Bf4 Bg7 16. Qd1 e5 17. Be3 d5 18. f4 Nc4 19. Bf2 c5 20. b3 Nb6 21.
fxe5 Bxe5 22. Re1 Bf6 23. Rc1 e5 24. Nb5 Qd7 25. Nxd4 cxd4 26. c3 dxc3 27. Bxb6 d4 28. Rxc3 Qd5 29. Rf3 Bg7 30. Qd3 Rc8 31. Qe4 Qxe4 32.
Rxe4 Rc1+ 33. Kh2 h5 34. Bxa5 h4 35. Bd8 g5 36. Bxg5 Kh7 37. Rxh4+ Kg6 38. Bxc1 e4 39. Rxe4 b5 40. Rg4+ Kh5 41. Rf5# 1-0

[Event "*** Titled Tuesday 3|2 Blitz"]
[Site "Chess.com"]
[Date "2015.09.01"]
[Round "1"]
[White "ChadaevNikolay"]
[Black "IMRosen"]
[Result "1-0"]
[WhiteElo "2617"]
[BlackElo "2218"]
[TimeControl "180+2"]
[EndTime "11:07:18 PDT"]
[Termination "ChadaevNikolay won by checkmate"]

1. Nf3 d5 2. g3 Nf6 3. d3 b5 4.
Bg2 Bb7 5. O-O e6 6. Nbd2 Be7 7. e4 O-O 8. e5 Nfd7 9. Re1 c5 10. Nf1 Nc6 11. h4 Qb6 12. N1h2 Rae8 13. Bf4 f5 14. Ng5 Nd8 15. Qe2 h6 16. Ngf3 Nf7 17. h5 a5 18.
Kh1 b4 19. Rg1 Kh8 20. g4 fxg4 21. Nxg4 Qd8 22. Qd2 Rg8 23. d4 Nf8 24. c3 Nh7 25. Bf1 Ref8 26. Bd3 Nhg5 27. Nh4 Ne4 28. Ng6+ Kh7 29.
Nxf8+ Rxf8 30. f3 Kh8 31. fxe4 dxe4 32. Qg2 Qd7 33. Bxe4 Bxe4 34. Qxe4 Bg5 35. Raf1 Rc8 36. dxc5 Rxc5 37. Rd1 Qc7 38. Bxg5 Nxg5 39. Qa8+ Kh7 40. Rd8 Nf7 41. Rh8+ Nxh8 42. Nf6+ gxf6 43. Qg8# 1-0

[Event "*** Titled Tuesday 3|2 Blitz"]
[Site "Chess.com"]
[Date "2015.09.01"]
[Round "1"]
[White "Mornar1951"]
[Black "MFBerna"]
[Result "1-0"]
[WhiteElo "2476"]
[BlackElo "2122"]
[TimeControl "180+2"]
[EndTime "11:07:28 PDT"]
[Termination "Mornar1951 won on time"]

1. Nf3 Nf6 2. c4 e6 3. g3 d5 4. Bg2 Be7 5. O-O O-O 6. d4 dxc4 7. Qc2 a6 8. a4 Bd7 9. Qxc4 Bc6 10. Bg5 Nbd7 11. Nc3 Nd5 12. Bxe7 Qxe7 13. Nxd5 exd5 14. Qc2 Qb4 15. Rfc1 Rfe8 16. e3 a5 17. Ne1 Nf6 18.
Nd3 Qd6 19. Ne5 Ra6 20. Qc5 Rb6 21. Qxa5 Rxb2 22. Nxc6 bxc6 23. Qc3 Reb8 24. Qxc6 Qb4 25. Qxc7 h6 26. h3 Qd2 27. Qf4 Ra8 28. Rf1 Ra2 29. Rxa2 Qxa2 30. g4 Rxa4 31. h4 1-0

[Event "*** Titled Tuesday 3|2 Blitz"]
[Site "Chess.com"]
[Date "2015.09.01"]
[Round "1"]
[White "Penguininja"]
[Black "BakaPG"]
[Result "1-0"]
[WhiteElo "2140"]
[BlackElo "2446"]
[TimeControl "180+2"]
[EndTime "11:07:34 PDT"]
[Termination "Penguininja won by resignation"]

1. d4 c5 2. Nf3 cxd4 3. Nxd4 d5 4. Nb3 Nc6 5. e3 Nf6 6. c4 e6 7. Nc3 Be7 8. Be2 O-O 9. O-O b6 10. cxd5 exd5 11. Nb5 Be6 12. N5d4 Nxd4 13. Nxd4 Rc8 14. b3 Ne4 15. Bb2 Bf6 16. Rc1 Qe7 17. Ba6 Rxc1 18. Qxc1 Nc5 19. Be2 Rc8 20. Nxe6 Qxe6 21. Bxf6 gxf6 22.
Qb2 Qe5 23. Qa3 d4 24. exd4 Qxd4 25. Bc4 a5 26. Qc1 Kg7 27. Rd1 Qe5 28. Rd5 Qe7 29. Rh5 Kh8 30. Qh6 Qe1+ 31. Bf1 Kg8 32. Qxh7+ Kf8 33.
Qh8+ Ke7 34. Qxc8 Ne4 35. Qc7+ Kf8 36. Rf5 Kg7 37. Qf4 Nd2 38. Qg4+ Kf8 39. Qe2 Qc1 40. Rd5 Nb1 41. Rd8+ 1-0

[Event "*** Titled Tuesday 3|2 Blitz"]
[Site "Chess.com"]
[Date "2015.09.01"]
[Round "1"]
[White "zmaj23"]
[Black "PauloCesarCosta"]
[Result "1-0"]
[WhiteElo "2388"]
[BlackElo "2023"]
[TimeControl "180+2"]
[EndTime "11:07:37 PDT"]
[Termination "zmaj23 won on time"]

1. e4 e6 2. d4 d5 3. Nc3 Nf6 4. Bg5 Be7 5. e5 Nfd7 6. h4 Bxg5 7. hxg5 Qxg5 8. Nh3 Qe7 9. Nf4 Nb6 10. Nh5 f5 11. exf6 gxf6 12. Nf4 Rg8 13. Qh5+ Qf7 14. Qxf7+ Kxf7 15. Rxh7+ Rg7 16. Rxg7+ Kxg7 17. Bd3 Bd7 18. O-O-O Na6 19.
Rh1 Rh8 20. Rxh8 Kxh8 21. Bxa6 bxa6 22. Nh5 f5 23. Nf6 Bc8 24. Ne8 Na8 25. b3 Kg8 26.
Nf6+ Kf7 27. Nh5 Nb6 28. a4 Bd7 29. a5 Nc8 30. Nf4 Nd6 31. Nd3 Ne4 32. Nxe4 fxe4 33.
Ne5+ Ke7 34. Nxd7 Kxd7 35. Kd2 e5 36. Ke3 exd4+ 37. Kxd4 Ke6 38. g4 Kd6 39. b4 Ke6 40. Kc5 Ke5 41. c3 c6 42. Kxc6 Kf4 43. Kxd5 Kxg4 44.
Kxe4 Kg5 45. Ke5 Kg4 46. f4 1-0

[Event "*** Titled Tuesday 3|2 Blitz"]
[Site "Chess.com"]
[Date "2015.09.01"]
[Round "1"]
[White "Thomaslegend"]
[Black "DanielNaroditsky"]
[Result "0-1"]
[WhiteElo "2135"]
[BlackElo "2490"]
[TimeControl "180+2"]
[EndTime "11:07:43 PDT"]
[Termination "DanielNaroditsky won by resignation"]

1. d4 Nf6 2. c4 e6 3. Nc3 Bb4 4. f3 c5 5. d5 O-O 6. e4 d6 7. Ne2 b5 8. Nf4 e5 9. Ne2 a6 10. Ng3 Nbd7 11. Bd3 bxc4 12. Bxc4 Nb6 13. Be2 a5 14.
O-O Bxc3 15. bxc3 Ba6 16. Bxa6 Rxa6 17. Qe2 Ra8 18. Bg5 h6 19. Be3 Na4 20. Qc2 Qd7 21.
Rfb1 Rab8 22. Nf5 Nb6 23. c4 Ne8 24. Rb2 Rb7 25. Rab1 Qd8 26. Rb5 a4 27. Bc1 Kh7 28. Ne3 Nf6 29. Qb2 Nfd7 30. Bd2 Qa8 31. a3 g6 32. Ba5 Rfb8 33. Bd2 Nxc4 34. Nxc4 Rxb5 35. Qxb5 Rxb5 36. Rxb5 Qa6 0-1

[Event "*** Titled Tuesday 3|2 Blitz"]
[Site "Chess.com"]
[Date "2015.09.01"]
[Round "1"]
[White "rhungaski"]
[Black "xdb"]
[Result "1-0"]
[WhiteElo "2462"]
[BlackElo "2113"]
[TimeControl "180+2"]
[EndTime "11:07:45 PDT"]
[Termination "rhungaski won by resignation"]

1. Nf3 Nf6 2. c4 e6 3. g3 d5 4.
Bg2 Be7 5. O-O O-O 6. d4 c5 7. cxd5 exd5 8. Nc3 Nc6 9. dxc5 Bxc5 10. Bg5 d4 11. Bxf6 Qxf6 12. Nd5 Qd8 13. Nd2 a5 14. Rc1 Ba7 15. a3 Bg4 16. Re1 Re8 17. h3 Be6 18.
Nf4 Rc8 19. Qa4 Bd7 20. Qb3 Rb8 21. Ne4 Bxh3 22. Nxh3 h6 23. Nf4 Ne5 24. Nd3 Ng4 25. Bf3 b5 26. Nec5 Nf6 27. Kg2 a4 28. Qb4 Bb6 29. Nb7 Qd7 30. Ndc5 Qf5 31. Qxd4 h5 32. Qf4 Qg6 33. Nd6 Red8 34. Nf5 Rbc8 35. Ne7+ 1-0

[Event "*** Titled Tuesday 3|2 Blitz"]
[Site "Chess.com"]
[Date "2015.09.01"]
[Round "1"]
[White "ArnaudovP"]
[Black "HansCoolNiemann"]
[Result "0-1"]
[WhiteElo "2351"]
[BlackElo "2025"]
[TimeControl "180+2"]
[EndTime "11:07:45 PDT"]
[Termination "HansCoolNiemann won by resignation"]

1. Nf3 Nf6 2. c4 g6 3. Nc3 d5 4.
cxd5 Nxd5 5. Qc2 Nc6 6. d4 Bg7 7. e4 Ndb4 8. Qa4 Bd7 9. Bb5 a6 10. Bxc6 Nxc6 11. Qd1 Bg4 12. d5 Nd4 13. Be3 c5 14. h3 Bxf3 15. gxf3 O-O 16. h4 f5 17. exf5 Rxf5 18. f4 b5 19. h5 b4 20. Ne2 Qxd5 21.
Ng3 Rff8 22. hxg6 hxg6 23. Qg4 Nc2+ 24. Ke2 Qc4+ 25. Kf3 Qd5+ 26. Ke2 Nxa1 27. Qxg6 Rf6 28. Qh7+ Kf8 29. Rxa1 Rh6 30. Qe4 Qxe4 31. Nxe4 c4 32. Rc1 Rc8 33. f5 Rhc6 34. Rg1 c3 35. bxc3 bxc3 36. Rc1 c2 37. Bd2 Bb2 38. f3 Bxc1 39.
Bxc1 Rb6 40. Bh6+ Ke8 41. f6 exf6 42. Bc1 Ke7 43. Ba3+ Ke6 44. Kd2 Rb1 45. Nc5+ Rxc5 0-1

[Event "*** Titled Tuesday 3|2 Blitz"]
[Site "Chess.com"]
[Date "2015.09.01"]
[Round "1"]
[White "MMSANCHEZ"]
[Black "Schoenbrunn"]
[Result "1-0"]
[WhiteElo "2282"]
[BlackElo "1829"]
[TimeControl "180+2"]
[EndTime "11:07:48 PDT"]
[Termination "MMSANCHEZ won by checkmate"]

1. d4 d5 2. Nf3 Nf6 3. e3 g6 4. Nbd2 Bg7 5. b4 O-O 6. c4 a5 7.
b5 c5 8. a4 b6 9. Qb3 Bb7 10.
Bb2 Nbd7 11. Be2 Rc8 12. O-O Ne4 13. Rfd1 cxd4 14. exd4 Nxd2 15. Nxd2 dxc4 16. Bxc4 Nf6 17. Rac1 Nd5 18. Re1 Nf4 19. Nf3 e6 20. Qe3 Nd5 21. Qd2 Qd6 22. Ne5 Rfd8 23. g3 Nb4 24. f4 Rxc4 25.
Nxc4 Qd5 26. Re3 Qh1+ 27. Kf2 Qxh2+ 28. Ke1 Qg1+ 29. Ke2 Nd5 30. Rxg1 e5 31. Nxe5 Nb4 32. f5 gxf5 33. Rf1 Rd5 34. Rxf5 f6 35. Ref3 fxe5 36.
Qg5 Rd7 37. Rf8# 1-0

[Event "*** Titled Tuesday 3|2 Blitz"]
[Site "Chess.com"]
[Date "2015.09.01"]
[Round "1"]
[White "Mugzyyy"]
[Black "MattyDPerrine"]
[Result "0-1"]
[WhiteElo "2601"]
[BlackElo "2253"]
[TimeControl "180+2"]
[EndTime "11:08:05 PDT"]
[Termination "MattyDPerrine won by checkmate"]

1. d4 Nf6 2. c4 c5 3. d5 b5 4. cxb5 a6 5. e3 g6 6. Nc3 Bg7 7. a4 d6 8. e4 axb5 9. Bxb5+ Nbd7 10. Nf3 O-O 11. O-O Ba6 12. Ra3 Nb6 13. Qe2 Bxb5 14. axb5 Qc7 15. Bg5 h6 16. Bd2 Rae8 17. Rfa1 e6 18.
Ra7 Qb8 19. dxe6 Rxe6 20. Qd3 Rfe8 21. Bf4 g5 22. Bg3 Nc8 23. Ra8 Qb7 24. Nd2 Nh5 25. Qd5 Qe7 26. Qc6 Bxc3 27. bxc3 Qf8 28. b6 d5 29.
Qxe6 fxe6 30. b7 Nxg3 31. b8=Q Ne2+ 32. Kf1 Nxc3 33. Qe5 d4 34. Rxc8 Rxc8 35. Qxe6+ Kh8 36. Ra7 Re8 37. Qg6 Re7 38. Qd6 Rf7 39. Qe5+ Kg8 40. Ra6 Rxf2+ 41. Ke1 Re2# 0-1